 Dungeon Crawl Stone Soup version 0.21.0-3-g78d12a8bdd (webtiles) character file.

1922 Fv001 the Shield-Bearer (level 8, -1/73 HPs)
             Began as a Deep Dwarf Fighter on Jan 9, 2018.
             Was a Believer of Makhleb.
             Slain by a gnoll
             ... wielding a +0 flail
              (6 damage)
             ... on level 6 of the Dungeon.
             The game lasted 00:17:51 (4542 turns).

Fv001 the Shield-Bearer (Deep Dwarf Fighter)        Turns: 4542, Time: 00:17:53

Health: -1/73      AC: 13    Str: 21    XL:     8   Next: 96%
Magic:  8/8        EV:  7    Int:  8    God:    Makhleb [**....]
Gold:   352        SH: 12    Dex: 14    Spells: 7/7 levels left

rFire    . . .     SeeInvis .   a - +3 morningstar
rCold    + . .     Gourm    .   c - +1 shield
rNeg     . . .     Faith    .   k - +1 plate armour
rPois    .         Spirit   .   (no helmet)
rElec    .         Reflect  .   (no cloak)
rCorr    .         Harm     .   (no gloves)
MR       +....                  (no boots)
Stlth    ..........             (no amulet)
HPRegen  0.00/turn              j - ring of protection from cold
MPRegen  0.11/turn              (no ring)

@: non-regenerating
A: damage resistance, heal wounds, sense surroundings 1, no regeneration
a: Heal Wounds, Minor Destruction, Renounce Religion


You were on level 6 of the Dungeon.
You worshipped Makhleb.
Makhleb was pleased with you.
You were not hungry.

You visited 2 branches of the dungeon, and saw 9 of its levels.

You collected 352 gold pieces.

Inventory:

Hand Weapons
 a - a +3 morningstar (weapon)
Armour
 c - a +1 shield (worn)
 k - a +1 plate armour (worn)
Jewellery
 j - a ring of protection from cold (left hand)
 x - an uncursed ring of protection from magic {unknown}
Wands
 u - a wand of polymorph (7)
 w - a wand of enslavement (5)
Scrolls
 d - a scroll of teleportation
 e - a scroll of blinking {unknown}
 g - a scroll of fog
 n - 2 scrolls of remove curse {unknown}
 q - a scroll of fear
 s - 2 scrolls of random uselessness {unknown}
Potions
 b - 2 potions of agility {unknown}
 i - a potion of lignification {unknown}
 m - a potion of mutation {unknown}
 o - 2 potions of brilliance
 p - a potion of invisibility {unknown}
 r - a potion of heal wounds
 v - a potion of curing {unknown}
Books
 h - a book of Maledictions

   Spells                             Type                      Level
   a - Corona                         Hexes                        1
   b - Ensorcelled Hibernation        Hexes/Ice                    2
   c - Confuse                        Hexes                        3
   d - Tukima's Dance                 Hexes                        3
   e - Dazzling Spray                 Conjuration/Hexes            3
 l - a book of Minor Magic

   Spells                             Type                      Level
   a - Magic Dart                     Conjuration                  1
   b - Blink                          Translocation                2
   c - Call Imp                       Summoning                    2
   d - Slow                           Hexes                        2
   e - Conjure Flame                  Conjuration/Fire             3
   f - Mephitic Cloud                 Conjuration/Poison/Air       3
Comestibles
 f - 13 rations
 t - 8 chunks of flesh


   Skills:
 + Level 4.7 Fighting
 + Level 4.7 Maces & Flails
 + Level 5.9 Armour
 + Level 4.5 Dodging
 * Level 7.7 Shields
 * Level 5.2 Invocations


You had 7 spell levels left.
You didn't know any spells.

Dungeon Overview and Level Annotations

Branches:
Dungeon (8/15)             Temple (1/1) D:5
   Lair: D:8-11

Altars:
Cheibriados
Dithmenos
Elyvilon
Fedhas
Gozag
Kikubaaqudgha
Makhleb
Nemelex Xobeh
Okawaru
Sif Muna
Trog
Uskayaw
Vehumet
Xom
Zin
The Shining One

Shops:
D:6 [}}


Innate Abilities, Weirdness & Mutations

You are resistant to damage.
You can heal yourself by infusing magical energy.
You passively map a small area around you.
You do not regenerate.


Message History

Your orc wizard barely misses the gnoll sergeant.
The gnoll sergeant hits your orc wizard with a trident.
Your orc wizard points at the gnoll sergeant and mumbles some strange words.
The magic dart hits the gnoll sergeant.
The gnoll sergeant hits your orc wizard with a trident!
Your orc wizard dies!
Press: ? - help, Shift-Dir - straight line, f/p - gnoll sergeant
Aim: a gnoll sergeant, wielding a trident and wearing a ring mail (moderately wounded)
The zap hits the gnoll sergeant.
The gnoll sergeant appears unharmed.
The gnoll sergeant is moderately wounded.
The gnoll hits you with a flail. The gnoll hits you but does no damage.
Things that are here:
a dagger; a robe You puncture the gnoll sergeant!
The gnoll sergeant is almost dead.
You block the gnoll sergeant's attack.
The gnoll hits you from afar with a spear.
* * * LOW HITPOINT WARNING * * *
The gnoll hits you with a flail!
You die...

........# ,..Y..)..#
.....)..# * , *
.....)..# *
**.......<# *+*
#####g### #g# * #g#
#@### *♣.* #g..#
♣♣.♣♣ ###.# ♣♣...♣
#.# ♣....♣ #######
#.# #....# #.....#
#.# #....# * #
#.....###.# #...# * .
#.........# #..# *
#.....##..####<######


You could see a gnoll sergeant and 3 gnolls.

Vanquished Creatures
  Menkaure (D:6)
  The ghost of Noxor the Conjurer, an amateur OpCj (D:4)
  A sky beast (D:6)
  An ice beast (D:6)
  A hornet zombie (D:5)
  An orc warrior (D:6)
  A phantom (D:5)
  A scorpion (D:5)
  4 killer bees
  2 crimson imps (D:5)
  A howler monkey (D:5)
  4 hounds
  5 orc priests
  6 orc wizards
  An iguana (D:5)
  3 worker ants (D:5)
  2 hound zombies
  A hound skeleton (D:5)
  9 gnolls
  11 adders
  2 shadow imps
  An ooze (D:2)
  2 worms
  3 dart slugs (D:1)
  3 leopard geckos
  16 orcs
  5 giant cockroaches
  10 goblins
  7 hobgoblins
  6 jackals
  3 quokkas
  2 ball pythons
  3 bats
  2 frilled lizards (D:2)
  A jackal skeleton (D:5)
  8 kobolds
  2 quokka skeletons (D:4)
  8 rats
141 creatures vanquished.

Vanquished Creatures (collateral kills)
  An orc wizard (D:6)
  A hound (D:6)
2 creatures vanquished.

Vanquished Creatures (others)
  An ogre (D:6)
  An orc wizard (D:6)
  A gnoll (D:6)
3 creatures vanquished.

Grand Total: 146 creatures vanquished

Notes
Turn   | Place    | Note
-------+----------+-------------------------------------------
     0 | D:1      | Fv001 the Deep Dwarf Fighter began the quest for the Orb.
     0 | D:1      | Reached XP level 1. HP: 20/20 MP: 1/1
   118 | D:2      | Reached XP level 2. HP: 27/27 MP: 2/2
   272 | D:2      | Reached XP level 3. HP: 30/33 MP: 3/3
   398 | D:3      | Reached skill level 1 in Dodging
   703 | D:4      | Reached skill level 4 in Shields
   732 | D:4      | Found an ancient bone altar of Kikubaaqudgha.
   757 | D:4      | Reached XP level 4. HP: 28/42 MP: 4/4
   875 | D:4      | Reached XP level 5. HP: 17/49 MP: 4/4
   877 | D:4      | Noticed Noxor's ghost (amateur OpCj)
   918 | D:4      | Killed Noxor's ghost
   918 | D:4      | Reached skill level 5 in Shields
   918 | D:4      | Reached XP level 6. HP: 25/56 MP: 5/5
  1041 | D:4      | Found an iron altar of Okawaru.
  1076 | D:4      | Found a white marble altar of Elyvilon.
  1331 | D:5      | Entered Level 5 of the Dungeon
  1334 | D:5      | Found a shadowy altar of Dithmenos.
  1349 | D:5      | You fall through a shaft for 3 floors!
  1366 | D:7      | Noticed an ice beast
  1396 | D:6      | Found Hocheerch's Antique Armour Shop.
  1452 | D:5      | Reached XP level 7. HP: 35/63 MP: 5/5
  1481 | D:5      | Reached skill level 6 in Shields
  1517 | D:5      | Reached skill level 5 in Armour
  1566 | D:5      | Found a burning altar of Makhleb.
  1574 | D:5      | Became a worshipper of Makhleb the Destroyer
  2789 | D:2      | Reached * piety under Makhleb
  2789 | D:2      | Reached skill level 1 in Invocations
  2979 | D:3      | Found a glowing golden altar of the Shining One.
  2979 | D:3      | Found a hide-covered altar of Uskayaw.
  2980 | D:3      | Found a glowing silver altar of Zin.
  2983 | D:3      | Found a faded altar of an unknown god.
  3526 | D:5      | Found a staircase to the Ecumenical Temple.
  3539 | D:5      | Reached XP level 8. HP: 21/72 MP: 6/6
  3665 | Temple   | Entered the Ecumenical Temple
  4182 | D:5      | Reached skill level 7 in Shields
  4301 | D:6      | Reached ** piety under Makhleb
  4348 | D:6      | Found Ciogg's Gadget Emporium.
  4355 | D:6      | HP: 3/73 [orc priest/divine providence (7)]
  4390 | D:6      | Found a bloodstained altar of Trog.
  4449 | D:6      | Found Festialo's Gadget Emporium.
  4463 | D:6      | Noticed Menkaure
  4471 | D:6      | Killed Menkaure
  4471 | D:6      | Reached skill level 5 in Invocations
  4542 | D:6      | Slain by a gnoll

Skill      XL: |  1  2  3  4  5  6  7  8 |
---------------+-------------------------+-----
Fighting       | 3 4 |  4.7
Dodging        | 1 2 3 4 |  4.5
Shields        | 4 5 6 7 |  7.7
Armour         | 4 5 |  5.9
Maces & Flails | 3 4 |  4.7
Invocations    | 2 5 |  5.2

Action                   |  1- 3 |  4- 6 |  7- 9 || total
-------------------------+-------+-------+-------++-------
Melee: Flail             |    83 |   202 |   181 ||   466
       Morningstar       |       |       |   174 ||   174
Invok: Minor Destruction |       |       |     2 ||     2
 Abil: Heal Wounds       |       |     6 |     2 ||     8
Evoke: Wand              |       |       |    15 ||    15
  Use: Potion            |       |     2 |       ||     2
       Scroll            |       |     5 |     7 ||    12
  Eat: Chunk             |       |     2 |     8 ||    10
       Ration            |       |       |     1 ||     1
Armor: Scale mail        |    15 |       |       ||    15
       Plate armour      |    10 |   189 |   204 ||   403
Dodge: Dodged            |    20 |    50 |    84 ||   154
Block: Shield            |    39 |   165 |   257 ||   461
